AoeStats
← josiahkane

Golden Pit

508042458Analyzed
1v1 RM · 13d ago on Sep 20, 2026· 44m 12s· 2 players
Game mode
Random Map
Map size
Tiny (2 player)
Population
200
Speed
Normal
Resources
Standard
Victory
Conquest
Starting age
Dark Age
Ending age
Imperial Age
RankedLock teamsTeams togetherTeam positionsShared explorationLock speedFull tech treeHidden civsTurbo modeCheats
Victory
Defeat
🇬🇧 Bohemians · United Kingdom
899
+16
🇨🇭 Mongols · Switzerland
898
-16
Securias
7:43 Loom
9:49 Feudal Age
11:00 Horse Collar
17:47 Double-Bit Axe
21:40 Castle Age
20:21 Gold Mining
21:04 Bloodlines
20:58 Padded Archer Armor
21:00 Fletching
23:52 Gold Shaft Mining
27:42 Leather Archer Armor
29:10 Husbandry
30:38 Thumb Ring
32:04 Wheelbarrow
31:38 Bodkin Arrow
39:42 Imperial Age
37:24 Elite Skirmisher
josiahkane
11:16 Feudal Age
10:29 Loom
11:42 Horse Collar
11:50 Double-Bit Axe
20:18 Castle Age
23:09 Chemistry
22:11 Fletching
26:27 Careening
26:16 Murder Holes
31:25 Masonry
34:55 Imperial Age
Connection lost

Rejoining the realm…

Still unreachable

The connection could not be restored.

Session expired

The server has moved on; the page needs a fresh start.